 Dungeon Crawl Stone Soup version 0.29-a0-1061-gbc57f8fbdb (webtiles) character file.

Game seed: 3999139652865348183

33 Nedwor the Slasher (level 3, -13/28 HPs)
             Began as a Demonspawn Gladiator on Aug 18, 2022.
             Mangled by Terence
             ... wielding a +4 mace of distortion
              (20 damage)
             ... on level 3 of the Dungeon.
             The game lasted 00:01:32 (1463 turns).

Nedwor the Slasher (Demonspawn Gladiator)           Turns: 1463, Time: 00:01:34

Health: -13/28     AC:  4    Str: 14    XL:     3   Next: 12%
Magic:  3/3        EV: 12    Int:  9    God:
Gold:   71         SH:  9    Dex: 16    Spells: 2/2 levels left

rFire   . . .      SeeInvis .   a - +0 long sword
rCold   . . .      Faith    .   (no shield)
rNeg    . . .      Spirit   .   b - +0 leather armour
rPois   .          Reflect  +   c - +0 helmet
rElec   .          Harm     .   (no cloak)
rCorr   .          Rampage  .   (no gloves)
Will    .....                   (no boots)
Stlth   +.........              o - amulet of reflection
HPRegen 0.09/turn               (no ring)
MPRegen 0.08/turn               (no ring)

@: no status effects
A: large bone plates 1
a: no special abilities


You were on level 3 of the Dungeon.
You visited 1 branch of the dungeon, and saw 3 of its levels.

You collected 71 gold pieces.

Inventory:

Hand Weapons
 a - a +0 long sword (weapon)
Missiles
 d - 3 throwing nets (quivered)
 e - a javelin
Armour
 b - a +0 leather armour (worn)
 c - a +0 helmet (worn)
Jewellery
 o - an amulet of reflection (around neck)
Scrolls
 g - 2 scrolls of blinking {unknown}
 j - a scroll of summoning {unknown}
 k - a scroll of enchant weapon {unknown}
 l - a scroll of noise {unknown}
 m - 2 scrolls of teleportation {unknown}
 n - 2 scrolls of magic mapping {unknown}
Potions
 f - a potion of heal wounds {unknown}
 h - a potion of mutation {unknown}
 i - a potion of curing {unknown}
 p - a potion of resistance {unknown}


   Skills:
 + Level 2.3 Fighting
 * Level 3.2 Long Blades
 - Level 1.7 Throwing
 + Level 1.0 Armour
 + Level 3.0 Dodging


You had 2 spell levels left.
You didn't know any spells.
Your spell library contained the following spells:

 Spells                   Type           Power      Damage    Failure   Level
 Sublimation of Blood     Necr           0%         N/A       58%         2
 Petrify                  Tmut/Erth      0%         N/A       99%         4
 Irradiate                Conj/Tmut      0%         3d11      100%        5


Dungeon Overview and Level Annotations

Branches:
Dungeon (3/15)

Altars:

Annotations:
D:3 Terence


Innate Abilities, Weirdness & Mutations

You are partially covered in large bone plates. (SH +4)


Message History

You now have 71 gold pieces (gained 10).
There is a stone staircase leading down here.
There is a stone staircase leading up here.
Found 6 stones.
Done exploring.
Done exploring.
Done exploring.
Done exploring.
(D) Dungeon
Where to? (Enter - D:2, ? - help)
What level of the Dungeon? (default 1, ? - help)
There is a stone staircase leading down here.
You climb downwards.
Found 8 gold pieces.
There is a stone staircase leading up here.
Terence the Incautious comes into view.
He is wielding a +4 mace of distortion.
Terence shouts!
You hear an angry hiss.
You start putting on your amulet.
You continue putting on your amulet of reflection. x4
Terence barely misses you.
You continue putting on your amulet of reflection.
Terence hits you with a +4 mace of distortion.
Space warps horribly around you!
Ouch! That really hurt!
You finish putting on your amulet of reflection.
You feel a shielding aura gather around you.
o - an amulet of reflection (around neck)
You hit Terence.
Terence is lightly wounded.
Terence closely misses you.
You closely miss Terence.
Terence is lightly wounded.
You block Terence's attack.
You hit Terence but do no damage.
Terence is lightly wounded.
Terence hits you with a +4 mace of distortion.
* * * LOW HITPOINT WARNING * * *
Space warps horribly around you!!
Ouch! That really hurt!
You die...

#. #. ###
.. ..
#.##.# #
#.#..#
###.##.#..#
.......<..#
....##.#.##
........@.#
.#.###.@.#
# ....$#
##....#
.....#
##.#..#
#.#..#
#.####


You could see Terence.

Vanquished Creatures
  A worm (D:2)
  A dart slug (D:1)
  4 ball pythons
  A bat (D:1)
  3 endoplasms (D:1)
  2 goblins
  4 hobgoblins
  2 quokkas (D:1)
  4 kobolds
  4 rats
26 creatures vanquished.

Notes
Turn   | Place    | Note
-------+----------+-------------------------------------------
     0 | D:1      | Nedwor the Demonspawn Gladiator began the quest for the
                  | Orb.
     0 | D:1      | Reached XP level 1. HP: 16/16 MP: 1/1
   413 | D:1      | Gained mutation: You are partially covered in large bone
                  | plates. (SH +4) [demonic ancestry]
   413 | D:1      | Reached XP level 2. HP: 22/22 MP: 2/2
   907 | D:2      | Found a faded altar of an unknown god.
  1182 | D:2      | Reached XP level 3. HP: 23/27 MP: 3/3
  1279 | D:2      | Reached skill level 1 in Armour
  1282 | D:2      | Identified the +3 short sword of Effag {flame, rElec rF+}
  1454 | D:3      | Noticed Terence
  1463 | D:3      | Mangled by Terence

Illustrated notes

Levels and vault maps discovered:
D:1:      tarquinn_simple_flora_water_a, layout_loops_ring, minmay_tetromino_s2
D:2:      layout_rooms, nicolae_ecumenical_pavilion
D:3:      layout_basic, lemuel_doored_altar, mainiacjoe_overflow_tiny_flanked,
          serial_shops, nicolae_shop_hallway_stairs, shop, uniq_terence

Skill      XL: |  1  2  3 |
---------------+----------+-----
Long Blades    | 3 |  3.2
Dodging        | 3 |  3.0
Armour         | 1 |  1.0
Fighting       | |  2.3
Throwing       | |  1.7

Action                   || total
-------------------------++-------
Melee: Long sword        ||    68
Armor: Leather armour    ||    19
Dodge: Dodged            ||    35
Block: Other             ||    10

Table legend: (Time is in decaauts)
 A = Elapsed time spent in this place.
 B = Non-inter-level travel time spent in this place.
 C = Inter-level travel time spent in this place.
 D = Time resting spent in this place.
 E = Time spent auto-exploring this place.
 F = Levels seen in this place.
 G = Mean time per level.
                   A        B        C        D        E       F      G
               +--------+--------+--------+--------+--------+-----+--------+
         Total |   1479 |   1397 |     82 |      0 |   1209 |   3 |  493.0 |
       Dungeon |   1479 |   1397 |     82 |      0 |   1209 |   3 |  493.0 |
               +--------+--------+--------+--------+--------+-----+--------+

Top non-repeatable levels by time:
     D:1: 917 daAuts
     D:2: 551 daAuts
     D:3: 11 daAuts
